AoeStats
← Dolph

Arabia

505607700Analyzed
1v1 RM · 22d ago on Sep 10, 2026· 31m 57s· 2 players
Game mode
Random Map
Map size
Tiny (2 player)
Population
200
Speed
Normal
Resources
Standard
Victory
Conquest
Starting age
Dark Age
Ending age
Imperial Age
RankedLock teamsTeams togetherTeam positionsShared explorationLock speedFull tech treeHidden civsTurbo modeCheats
Victory
Defeat
🇨🇳 Berbers · China
1101
+15
🇨🇱 Mongols · Chile
1090
-15
Dolph
11:09 Feudal Age
13:55 Double-Bit Axe
19:48 Castle Age
20:26 Loom
21:20 Forging
22:04 Scale Barding Armor
21:44 Horse Collar
22:17 Bow Saw
29:47 Bloodlines
cdjkys
9:12 Feudal Age
8:02 Loom
11:07 Double-Bit Axe
11:57 Horse Collar
21:05 Castle Age
20:43 Gold Mining
23:56 Forging
24:09 Bloodlines
24:07 Husbandry
26:07 Iron Casting
26:18 Scale Barding Armor
29:29 Wheelbarrow
28:40 Town Watch
29:12 Light Cavalry
30:45 Town Watch
32:29 Ballistics
Connection lost

Rejoining the realm…

Still unreachable

The connection could not be restored.

Session expired

The server has moved on; the page needs a fresh start.